 Dungeon Crawl Stone Soup version 0.18-a0-1027-g814d7dd (webtiles) character file.

142 JokEr the Sneak (level 5, -1/28 HPs)
             Began as a Spriggan Assassin on Jan 8, 2016.
             Was an Initiate of Dithmenos.
             Slain by an orc priest
             ... wielding a +0 hand axe
              (2 damage)
             ... on level 3 of the Dungeon.
             The game lasted 00:05:25 (2208 turns).

JokEr the Sneak (Spriggan Assassin)                 Turns: 2208, Time: 00:05:25

Health: -1/28      AC:  4    Str:  7    XL:     5   Next: 3%
Magic:  6/6        EV: 17    Int: 12    God:    Dithmenos [......]
Gold:   104        SH:  0    Dex: 22    Spells: 0 memorised, 4 levels left

rFire  . . .     SeeInvis +     a - +2 dagger
rCold  . . .     Gourm    .     p - +1 robe {MR+}
rNeg   . . .     Faith    .     (shield restricted)
rPois  .         Spirit   .     (helmet restricted)
rElec  .         Dismiss  .     d - +0 cloak
rCorr  .         Reflect  .     (gloves unavailable)
SustAt .         Harm     .     (boots unavailable)
MR     +....                    (no amulet)
Stlth  ++++......               (no ring)
                                m - +3 ring of dexterity

@: very quick, somewhat resistant to hostile enchantments, stealthy
A: unfitting armour, see invisible, herbivore 3, speed 3, slow metabolism 2
a: Renounce Religion


You were on level 3 of the Dungeon.
You worshipped Dithmenos.
Dithmenos was noncommittal.
You were not hungry.

You visited 1 branch of the dungeon, and saw 3 of its levels.

You collected 104 gold pieces.

Inventory:

Hand Weapons
 a - a +2 dagger (weapon)
 b - a +0 blowgun
Missiles
 e - 41 poisoned needles (quivered)
 f - 2 curare-tipped needles
Armour
 d - a +0 cloak (worn)
 p - a +1 robe of magic resistance (worn)
Jewellery
 m - a +3 ring of dexterity (left hand)
Scrolls
 c - a scroll of magic mapping
 l - 4 scrolls of remove curse
Potions
 h - 2 potions of curing
 i - a potion of might {unknown}
 k - a potion of brilliance {unknown}
Comestibles
 g - 2 bread rations


   Skills:
 + Level 2.8 Fighting
 + Level 3.7 Short Blades
 - Level 2.0 Throwing
 - Level 1.5 Dodging
 + Level 7.3 Stealth


You had 4 spell levels left.
You didn't know any spells.

Dungeon Overview and Level Annotations

Branches:
Dungeon (3/15)

Altars:
Dithmenos


Innate Abilities, Weirdness & Mutations

You are tiny and cannot use many weapons and most armour.
You have supernaturally acute eyesight.
You are a herbivore.
You cover ground extremely quickly.
You need consume almost no food.


Message History

You barely miss the orc priest. The orc priest closely misses you.
You hit the orc priest.
The orc priest is lightly wounded.
The orc priest invokes the aid of Beogh against you.
You easily resist.
You hit the orc priest.
The orc priest is moderately wounded.
The orc priest invokes the aid of Beogh against you.
You easily resist.
You hit the orc priest.
The orc priest is heavily wounded.
You barely miss the orc priest.
The orc priest is heavily wounded.
The orc priest invokes the aid of Beogh against you.
Something smites you!
Ouch! That really hurt!
* * * LOW HITPOINT WARNING * * *
You hit the orc priest.
The orc priest is severely wounded.
The orc priest hits you with a hand axe.
You die...

##########
#.@o......
#)######## #(#
#########.######
.................
######.########.
#.# #.# #.#


You could see an orc priest.

Vanquished Creatures
  An orc priest (D:3)
  Jessica (D:2)
  5 adders
  A worm (D:2)
  2 orcs (D:3)
  A ball python (D:2)
  2 giant cockroaches
  3 hobgoblins
  4 jackals (D:2)
  3 kobolds (D:1)
  2 quokkas (D:2)
  6 bats
  6 giant newts
  5 rats
42 creatures vanquished.

Notes
Turn   | Place    | Note
--------------------------------------------------------------
     0 | D:1      | JokEr the Spriggan Assassin began the quest for the Orb.
     0 | D:1      | Reached XP level 1. HP: 10/10 MP: 2/2
   101 | D:1      | Reached skill level 6 in Stealth
   617 | D:1      | Reached XP level 2. HP: 15/15 MP: 3/3
  1299 | D:2      | Noticed Jessica
  1332 | D:1      | Reached XP level 3. HP: 8/18 MP: 4/4
  1611 | D:2      | Killed Jessica
  1716 | D:2      | Reached XP level 4. HP: 20/23 MP: 5/5
  1880 | D:2      | Found a shadowy altar of Dithmenos.
  1925 | D:2      | Reached skill level 7 in Stealth
  2081 | D:2      | Became a worshipper of Dithmenos the Shadowed
  2201 | D:3      | Reached XP level 5. HP: 15/28 MP: 6/6
  2207 | D:3      | HP: 1/28 [orc priest/divine providence (15)]
  2208 | D:3      | Slain by an orc priest

Vault maps used:
D:1:      minmay_arrival_arboretum_small, corexii_item_surrounded_by_moat,
          kennysheep_doodads, hangedman_glass_teeth, feat_on_display
D:2:      lemuel_round_altar, kennysheep_generic_room_13, uniq_jessica
D:3:      yredelemnul_altar_generic

Action                   |  1- 3 |  4- 6 || total
-------------------------+-------+-------++-------
Melee: Dagger            |    95 |    35 ||   130
  Use: Scroll            |     1 |     6 ||     7
       Potion            |       |     1 ||     1
 Stab: Sleeping          |     5 |     5 ||    10
